 Dungeon Crawl Stone Soup version 0.28.0 (webtiles) character file.

Game seed: 15140382395066326776

89 crazypyro the Digger (level 4, -4/24 HPs)
             Began as a Gargoyle Earth Elementalist on Feb 8, 2022.
             Slain by Grinder (8 damage)
             ... on level 3 of the Dungeon.
             The game lasted 00:03:19 (2322 turns).

crazypyro the Digger (Gargoyle Earth Elementalist)  Turns: 2322, Time: 00:03:19

Health: -4/24      AC:  5    Str: 11    XL:     4   Next: 55%
Magic:  0/8        EV: 11    Int: 18    God:
Gold:   91         SH:  0    Dex: 10    Spells: 4/8 levels left

rFire   . . .      SeeInvis .   e - +0 club
rCold   . . .      Faith    .   (no shield)
rNeg    + . .      Spirit   .   b - +0 robe
rPois   ∞          Reflect  .   (no helmet)
rElec   +          Harm     +   k - scarf {harm}
rCorr   .          Rampage  .   (no gloves)
Will    .....                   (no boots)
Stlth   ++........              (no amulet)
HPRegen 0.08/turn               (no ring)
MPRegen 0.11/turn               (no ring)

@: no status effects
A: sickness immunity, AC +3, negative energy resistance 1, electricity
resistance, torment resistance 1, petrification resistance
a: no special abilities


You were on level 3 of the Dungeon.
You visited 1 branch of the dungeon, and saw 3 of its levels.

You collected 91 gold pieces.

Inventory:

Hand Weapons
 e - a +0 club (weapon)
Missiles
 c - 9 stones
Armour
 b - a +0 robe (worn)
 k - a scarf of harm (worn)
Scrolls
 a - a scroll of enchant armour {unknown}
 h - a scroll of blinking {unknown}
Potions
 d - a potion of brilliance {unknown}
 f - a potion of heal wounds {unknown}
 g - a potion of resistance {unknown}
 i - 2 potions of haste {unknown}
 j - a potion of curing {unknown}


   Skills:
 + Level 0.5 Maces & Flails
 - Level 1.5 Dodging
 - Level 2.1 Stealth
 + Level 2.9 Spellcasting
 + Level 1.5 Conjurations
 - Level 1.4 Transmutations
 + Level 4.6 Earth Magic


You had 4 spell levels left.
You knew the following spells:

 Your Spells              Type           Power      Damage    Failure   Level
a - Sandblast             Erth           38%        2d10      2%          1
b - Stone Arrow           Conj/Erth      26%        3d8       14%         3

Your spell library contained the following spells:

 Spells                   Type           Power      Damage    Failure   Level
 Passwall                 Tmut/Erth      10%        N/A       8%          2
 Dazzling Flash           Conj/Hex       10%        N/A       34%         3
 Petrify                  Tmut/Erth      13%        N/A       43%         4
 Iskenderun's Battlesphe  Conj           8%         2d6       94%         5
 Agony                    Necr           2%         N/A       99%         5
 Silence                  Hex/Air        1%         N/A       99%         5
 Iron Shot                Conj/Erth      6%         9d2       100%        6
 Spellforged Servitor     Conj/Summ      2%         N/A       100%        7


Dungeon Overview and Level Annotations

Branches:
Dungeon (3/15)

Altars:

Annotations:
D:3 Grinder


Innate Abilities, Weirdness & Mutations

You are immune to sickness and miasma.
Your stone body is resilient. (AC +3)
You are immune to poison.
You resist negative energy. (rN+)
You are resistant to electric shocks. (rElec)
You are resistant to unholy torment.
You are immune to petrification.


Message History

The blast of sand hits Grinder!
Grinder is severely wounded.
The blast of sand hits Grinder but does no damage.
Grinder is severely wounded.
You hit Grinder.
Grinder is severely wounded.
Grinder hits you.
You hit Grinder but do no damage.
Grinder is severely wounded.
Grinder closely misses you. Grinder gestures at you.
Pain shoots through your body!
You closely miss Grinder.
Grinder is severely wounded.
Grinder hits you but does no damage.
You hit Grinder.
Grinder is almost dead.
Grinder barely misses you.
You barely miss Grinder.
Grinder is almost dead.
Grinder gestures at you.
You barely resist. Grinder barely misses you.
You barely miss Grinder.
Grinder is almost dead.
Grinder hits you!
* * * LOW HITPOINT WARNING * * *
You closely miss Grinder.
Grinder is almost dead.
Grinder completely misses you.
Casting: Sandblast (safe; 2% risk of failure)
Confirm with . or Enter, or press ? or * to list all spells.
Aiming: Sandblast (safe; 2% risk of failure)
Press: ? - help, Shift-Dir - straight line, f/p - Grinder
Aim: Grinder (almost dead, 77% to hit)
The blast of sand misses Grinder.
Grinder barely misses you.
You barely miss Grinder.
Grinder is almost dead.
Grinder says, "Tell me all your secrets, or I'll kill you."
Grinder hits you!
You die...

...........####.#
###.##.........#
#.....##.##.#..#
#.#.##<###.##..#####
#.#.###.#...........
#....##..#.##.......
##..........
#######.
#..##....(##.#### #.
#......5@### #.
#.##.....# #.
#.......... #.
#.##.....### #. #
##...## #. ##.## ...
##.


You could see Grinder.

Vanquished Creatures
  A gnoll (D:1)
  4 adders
  A dart slug (D:2)
  10 bats
  3 endoplasms
  2 giant cockroaches
  6 hobgoblins
  5 ball pythons (D:1)
  4 frilled lizards
  4 goblins
  6 rats
46 creatures vanquished.

Vanquished Creatures (others)
  6 fungi (D:3)
6 creatures vanquished.

Grand Total: 52 creatures vanquished

Notes
Turn   | Place    | Note
-------+----------+-------------------------------------------
     0 | D:1      | crazypyro the Gargoyle Earth Elementalist began the quest
                  | for the Orb.
     0 | D:1      | Reached XP level 1. HP: 10/10 MP: 3/3
     6 | D:1      | Noticed a lindwurm
     6 | D:1      | Noticed a killer bee
     7 | D:1      | Noticed a komodo dragon
     7 | D:1      | Noticed a polar bear
   113 | D:1      | Reached skill level 1 in Transmutations
   257 | D:1      | Reached XP level 2. HP: 15/15 MP: 3/5
   507 | D:1      | Reached skill level 4 in Earth Magic
   628 | D:1      | Found a faded altar of an unknown god.
   673 | D:1      | Reached XP level 3. HP: 19/19 MP: 4/6
   680 | D:1      | Learned a level 3 spell: Stone Arrow
  1352 | D:2      | Reached skill level 1 in Conjurations
  1513 | D:2      | Reached XP level 4. HP: 8/24 MP: 1/8
  2302 | D:3      | Noticed Grinder
  2322 | D:3      | Slain by Grinder

Illustrated notes

Levels and vault maps discovered:
D:1:      onia_arrival_zoo_common, layout_loops_corners,
          dreamdust_ecumenical_altar_angels_and_demons,
          hangedman_abyss_or_decor_lesser_grid, glass_columns_a,
          roderic_roman_lattice
D:2:      layout_rooms
D:3:      layout_loops_ring, mainiacjoe_overflow_alcove_4, serial_shops,
          nicolae_lakefront_shop, uniq_grinder

Skill      XL: |  1  2  3 |
---------------+----------+-----
Transmutations | 1 |  1.4
Earth Magic    | 4 |  4.6
Conjurations   | 1 |  1.5
Maces & Flails | |  0.5
Dodging        | |  1.5
Stealth        | |  2.1
Spellcasting   | |  2.9

Action                   |  1- 3 |  4- 6 || total
-------------------------+-------+-------++-------
Melee: Unarmed           |     3 |       ||     3
       Club              |     7 |    48 ||    55
 Cast: Sandblast         |    46 |    16 ||    62
Armor: Robe              |    14 |    33 ||    47
Dodge: Dodged            |    18 |    61 ||    79
